 Dungeon Crawl Stone Soup version 0.30.0-5-g1a98f26d00 (webtiles) character file.

Game seed: 12451477067950903659

1022 Pimp the Destroyer (level 8, -2/41 HPs)
             Began as a Tengu Conjurer on May 9, 2023.
             Was a Follower of Vehumet.
             Slain by a killer bee (8 damage)
             ... on level 5 of the Dungeon on May 10, 2023.
             The game lasted 00:24:59 (5237 turns).

Pimp the Destroyer (Tengu Conjurer)                 Turns: 5237, Time: 00:25:00

Health: -2/41      AC:  3    Str:  7    XL:     8   Next: 22%
Magic:  1/15       EV: 16    Int: 21    God:    Vehumet [*.....]
Gold:   220        SH:  0    Dex: 13    Spells: 7/16 levels left

rFire   . . .        m - +3 hand axe
rCold   + . .        (no shield)
rNeg    . . .        a - +1 robe
rPois   .            (helmet restricted)
rElec   .            (no cloak)
rCorr   .            (no gloves)
SInv    .            (boots unavailable)
Will    .....        (no amulet)
Stlth   +++          f - ring of protection from cold
HPRegen 0.26/turn    (no ring)
MPRegen 0.14/turn

%: no passive effects
@: lethally poisoned (-2 -> -4), flying quickly and evasively, quick
A: beak, talons 3, nimble flight
a: Renounce Religion


You were on level 5 of the Dungeon.
You worshipped Vehumet.
Vehumet was aware of your devotion.
You visited 1 branch of the dungeon, and saw 5 of its levels.

You collected 220 gold pieces.

Inventory:

Hand Weapons
 b - a +0 dagger
 m - a +3 hand axe (weapon)
Missiles
 d - 7 poisoned darts
Armour
 a - a +1 robe (worn)
 e - a +0 pair of boots
Jewellery
 f - a ring of protection from cold (left hand)
Scrolls
 j - 2 scrolls of vulnerability
Potions
 c - 2 potions of flight
 h - a potion of heal wounds
 i - a potion of invisibility
 l - a potion of cancellation


   Skills:
 + Level 1.0 Armour
 + Level 5.4 Dodging
 + Level 5.3 Stealth
 + Level 4.5 Spellcasting
 + Level 8.0 Conjurations
 + Level 0.6 Ice Magic


You had 7 spell levels left.
You knew the following spells:

 Your Spells              Type           Power      Damage    Failure   Level
a - Magic Dart            Conj           100%       1d8       1%          1
b - Searing Ray           Conj           76%        2d7       1%          2
c - Dazzling Flash        Conj/Hex       42%        N/A       7%          3
d - Hailstorm             Conj/Ice       23%        3d7       6%          3

Your spell library contained the following spells:

 Spells                   Type           Power      Damage    Failure   Level
 Kiss of Death            Conj/Necr      84%        2d11      2%          1
 Fulminant Prism          Conj/Hex       10%        3d8       22%         4
 Iskenderun's Mystic Bla  Conj/Tloc      21%        2d6       22%         4
 Vampiric Draining        Necr           4%         2d6       34%         3
 Ice Form                 Ice/Tmut       6%         N/A       69%         4
 Animate Dead             Necr           4%         N/A       75%         4
 Haunt                    Necr/Summ      2%         N/A       100%        7
 Necromutation            Tmut/Necr      2%         N/A       100%        8
 Polar Vortex             Ice            3%         N/A       100%        9


Dungeon Overview and Level Annotations

Branches:
Dungeon (5/15)             Temple (0/1) D:5

Altars:
Ashenzari
Cheibriados
Fedhas
Qazlal
Ru
Sif Muna
Vehumet
Zin

Shops:
D:1 (   D:2 [


Innate Abilities, Weirdness & Mutations

You have a beak for a mouth.
You have claws for feet.
Your magical nature lets you fly swiftly and evasively.


Message History

* * * LOW HITPOINT WARNING * * *
The killer bee barely misses you.
You feel better. The killer bee stings you.
The killer bee completely misses you. The killer bee misses you.
The killer bee barely misses you. The killer bee misses you.
The killer bee barely misses you.
Casting: Dazzling Flash (dangerous; 7% risk of failure)
Confirm with . or Enter, or press ? or * to list all spells.
Aiming: Searing Ray (safe; 1% risk of failure)
Press: ? - help, Shift-Dir - straight line, f - killer bee
Aim: a killer bee (61% to hit)
The searing ray misses the killer bee. x2 (Press . to maintain the ray.)
The killer bee barely misses you. The killer bee misses you.
The killer bee barely misses you. x2; The killer bee misses you.
The killer bee completely misses you.
The searing ray misses the killer bee.
The searing ray hits the killer bee!
The killer bee is heavily wounded.
The killer bee misses you.
The killer bee stings you but does no damage.
The killer bee closely misses you. The killer bee stings you.
The killer bee misses you.
The searing ray misses the killer bee. x2; The killer bee is no longer blind.
The killer bee closely misses you. x2; The killer bee barely misses you.
The killer bee misses you. The killer bee completely misses you.
The killer bee stings you.
You are poisoned.
The killer bee poisons you!
Without enough magic to sustain it, your searing ray dissipates.
You feel sick. The killer bee misses you. The killer bee closely misses you.
The killer bee misses you. The killer bee barely misses you.
The killer bee misses you. The killer bee closely misses you.
Unknown command.
You feel sick.
The killer bee is no longer blind.
The killer bee stings you.
* * * LOW HITPOINT WARNING * * *
The killer bee closely misses you. The killer bee misses you.
The killer bee closely misses you. The killer bee stings you.
* * * LOW HITPOINT WARNING * * *
The killer bee stings you!
You die...

# #..........#....#........##
.##....
#...........#....#...# #.#...
.##?......#..#####.. #....
#..........# ##.. ##...
#..........####... ###...
#.######....#...## .##..# ..
#y## ##.....### ..##.# #..
#yy# ##...## #<##.# #..##
#@y## ##.## #.)#.#
##..###...## ##.##
#..)#####...........## ##...#
#....................###....#
#......#####..#..........####
#...#### #..##.........#
...### #..##.........######
###..## ##..##..............#
##..## #...#...............#


You could see 4 killer bees.

Vanquished Creatures
  Menkaure (D:4)
  An ice beast (D:5)
  A centaur (D:5)
  An ogre (D:5)
  2 scorpions
  2 killer bees (D:5)
  A hound (D:4)
  An orc priest (D:3)
  5 iguanas
  4 orc wizards
  3 gnolls (D:5)
  5 adders
  2 worms (D:4)
  2 dart slugs
  11 orcs
  6 bats
  9 endoplasms
  2 giant cockroaches (D:4)
  4 goblins
  8 hobgoblins
  2 quokkas
  8 ball pythons
  4 frilled lizards
  7 kobolds
  4 rats
96 creatures vanquished.

Notes
Turn   | Place    | Note
-------+----------+-------------------------------------------
     0 | D:1      | Pimp the Tengu Conjurer began the quest for the Orb.
     0 | D:1      | Reached XP level 1. HP: 10/10 MP: 4/4
   102 | D:1      | Reached XP level 2. HP: 15/15 MP: 3/6
   282 | D:1      | Learned a level 2 spell: Searing Ray
   328 | D:1      | Found Axoetile's Weapon Boutique.
   761 | D:1      | Identified a scroll of acquirement
   761 | D:1      | Acquired the Volume of Congealing Left-Handed Arts
  1000 | D:2      | Reached XP level 3. HP: 19/19 MP: 7/7
  1120 | D:2      | Learned a level 3 spell: Dazzling Flash
  1143 | D:2      | Reached XP level 4. HP: 24/24 MP: 1/8
  1352 | D:2      | Found Vosoewepne's Armour Emporium.
  1580 | D:2      | Found a faded altar of an unknown god.
  1951 | D:3      | Found a snail-covered altar of Cheibriados.
  2047 | D:3      | Found a shimmering blue altar of Sif Muna.
  2059 | D:3      | Reached skill level 6 in Conjurations
  2122 | D:3      | Gained mutation: Your magical nature lets you fly swiftly
                  | and evasively. [Tengu growth]
  2122 | D:3      | Reached XP level 5. HP: 28/28 MP: 7/10
  2652 | D:3      | Found a broken altar of Ashenzari.
  2777 | D:4      | Noticed Menkaure
  2781 | D:4      | Killed Menkaure
  2782 | D:4      | Reached XP level 6. HP: 32/32 MP: 2/12
  2971 | D:4      | Found a glowing silver altar of Zin.
  2973 | D:4      | Found a stormy altar of Qazlal.
  2977 | D:4      | Found a sacrificial altar of Ru.
  2977 | D:4      | Found a radiant altar of Vehumet.
  2985 | D:4      | Found a blossoming altar of Fedhas.
  2987 | D:4      | Became a worshipper of Vehumet
  3439 | D:4      | Reached skill level 7 in Conjurations
  3439 | D:4      | Reached XP level 7. HP: 21/36 MP: 7/13
  3904 | D:5      | Entered Level 5 of the Dungeon
  4421 | D:5      | Reached * piety under Vehumet
  4421 | D:5      | Offered knowledge of Kiss of Death by Vehumet.
  4422 | D:5      | Reached skill level 5 in Dodging
  4510 | D:5      | Found a staircase to the Ecumenical Temple.
  4640 | D:5      | Reached skill level 5 in Stealth
  4735 | D:5      | Reached XP level 8. HP: 9/41 MP: 5/15
  5133 | D:5      | Learned a level 3 spell: Hailstorm
  5229 | D:5      | Reached skill level 1 in Armour
  5229 | D:5      | Reached skill level 8 in Conjurations
  5237 | D:5      | Slain by a killer bee

Illustrated notes

Levels and vault maps discovered:
D:1:      dreamdust_arrival_beginning_and_end, layout_basic, serial_shops, shop,
          minmay_circled_x
D:2:      layout_loops_ring, nicolae_ecumenical_oubliette, serial_shops,
          shop_statue, nicolae_concentric_dashed_squares_mild
D:3:      layout_basic, old_standard_altar, mainiacjoe_overflow_catch_the_wave
D:4:      minmay_skewed_foursquare, layout_loops_ring,
          nicolae_overflow_hallway_of_the_gods, uniq_menkaure
D:5:      minmay_octagon_keep, layout_layer_cave, marbit_many_paths,
          minmay_temple_entry_junction

Skill      XL: |  1  2  3  4  5  6  7  8 |
---------------+-------------------------+-----
Dodging        | 3 4 5 |  5.4
Stealth        | 3 4 5 |  5.3
Conjurations   | 6 7 8 |  8.0
Spellcasting   | 3 4 |  4.5
Armour         | 1 |  1.0
Ice Magic      | |  0.6

Action                     |  1- 3 |  4- 6 |  7- 9 || total
---------------------------+-------+-------+-------++-------
  Melee: Hand axe          |     2 |    25 |     2 ||    29
         Kick              |       |     6 |     1 ||     7
         Peck              |       |     2 |       ||     2
   Cast: Magic Dart        |    33 |    30 |    10 ||    73
         Searing Ray       |     6 |    25 |    27 ||    58
         Dazzling Flash    |       |     1 |     2 ||     3
    Use: Potion            |     1 |     3 |     2 ||     6
         Scroll            |     5 |     3 |     3 ||    11
   Stab: Sleeping          |       |     5 |     1 ||     6
 Armour: Robe              |     3 |     6 |     6 ||    15
  Dodge: Dodged            |    13 |    24 |    77 ||   114
